 Dungeon Crawl Stone Soup version 0.30.1-9-gdf580d7c3d (webtiles) character file.

Game seed: 5877208370670429361

197 KittyFluff the Trooper (level 5, 0/34 HPs)
             Began as a Gargoyle Berserker on Oct 4, 2023.
             Was a Believer of Trog.
             Splashed by a jelly's acid (2 damage)
             ... on level 4 of the Dungeon.
             The game lasted 00:10:47 (2809 turns).

KittyFluff the Trooper (Gargoyle Berserker)         Turns: 2809, Time: 00:10:48

Health: 0/34       AC:  5    Str: 20    XL:     5   Next: 75%
Magic:  5/5        EV: 12    Int:  8    God:    Trog [**....]
Gold:   254        SH:  4    Dex: 17    Spells: 4/4 levels left

rFire   . . .        a - +0 mace (protect)
rCold   . . .        h - +0 buckler
rNeg    + . .        p - +0 leather armour
rPois   ∞            (no helmet)
rElec   +            s - +0 cloak
rCorr   .            n - +1 pair of gloves
SInv    .            (no boots)
Will    .....        (no amulet)
Stlth   +            w - +6 ring of dexterity
HPRegen 0.25/turn    (no ring)
MPRegen 0.09/turn

%: no passive effects
@: corroded, under a protective aura
A: sickness immunity, AC +4, negative energy resistance 1, electricity
resistance, torment resistance 1, petrification resistance
a: Renounce Religion, Berserk, Trog's Hand


You were on level 4 of the Dungeon.
You worshipped Trog.
Trog was pleased with you.
You visited 1 branch of the dungeon, and saw 4 of its levels.

You collected 268 gold pieces.
You spent 14 gold pieces at shops.

Inventory:

Hand Weapons
 a - a +0 mace of protection (weapon)
 g - a +0 sling
 x - a +2 morningstar of protection
Missiles
 b - 5 boomerangs (quivered)
Armour
 h - a +0 buckler (worn)
 n - a +1 pair of gloves (worn)
 p - a +0 leather armour (worn)
 s - a +0 cloak (worn)
Jewellery
 i - a ring of ice
 u - an amulet of magic regeneration
 w - a +6 ring of dexterity (left hand)
Wands
 q - a wand of flame (17)
Scrolls
 c - 5 scrolls of teleportation
 d - a scroll of silence {unknown}
 e - 2 scrolls of identify {unknown}
 f - 2 scrolls of enchant armour {unknown}
 l - a scroll of magic mapping {unknown}
 m - a scroll of immolation {unknown}
 o - a scroll of poison {unknown}
Potions
 j - a potion of heal wounds {unknown}
 k - a potion of ambrosia {unknown}
 r - a potion of haste {unknown}
 t - a potion of invisibility {unknown}
 v - a potion of magic {unknown}


   Skills:
 + Level 4.4 Fighting
 + Level 4.0 Maces & Flails
 + Level 3.6 Armour
 + Level 2.7 Dodging


You had 4 spell levels left.
You didn't know any spells.
Your spell library was empty.

Dungeon Overview and Level Annotations

Branches:
Dungeon (4/15)
 Temple: D:4-7

Altars:
Dithmenos
Elyvilon
Hepliaklqana
Okawaru
Wu Jian

Shops:
D:4 !


Innate Abilities, Weirdness & Mutations

You are immune to sickness and miasma.
Your stone body is resilient. (AC +4)
You are immune to poison.
You resist negative energy. (rN+)
You are resistant to electric shocks. (rElec)
You are resistant to unholy torment.
You are immune to petrification.


Message History

You block the endoplasm's attack.
You hit the endoplasm.
Your weapon exudes an aura of protection.
The endoplasm is moderately wounded.
The endoplasm completely misses you.
You sock the endoplasm!
You kill the endoplasm!
Trog accepts your kill.
There is a shadowy altar of Dithmenos here.
A jelly comes into view.
Found an ornate altar of the Wu Jian Council.
The helpless jelly fails to defend itself.
You hit the jelly.
Your weapon exudes an aura of protection.
The acid corrodes you!
Your hands burn!
The jelly is lightly wounded.
The jelly hits you but does no damage. The jelly misses you.
You hit the jelly but do no damage. The acid corrodes you!
Your hands burn!
The jelly is lightly wounded.
You block the jelly's attack.
You hit the jelly but do no damage. The acid corrodes you!
Your hands burn!
The jelly is lightly wounded.
The jelly barely misses you.
You hit the jelly.
Your hands burn!
The jelly is moderately wounded.
The jelly hits you but does no damage.
You hit the jelly but do no damage.
Your hands burn!
The jelly is moderately wounded.
The jelly hits you.
You are splashed with acid!
The jelly hits you but does no damage.
You sock the jelly!
Your hands burn!
The jelly is severely wounded.
The jelly hits you.
You are splashed with acid!
* * * LOW HITPOINT WARNING * * *
You hit the jelly.
Your hands burn!
* * * LOW HITPOINT WARNING * * *
The jelly is almost dead.
The jelly barely misses you.
You hit the jelly but do no damage.
Your hands burn!
You die...

#................))..........†...
#....####.......###########..)...
#.#####......##.#### #∩.!... ..#
#.#....##....# #...... .##
#.#....#####..# #...... ##
##.##.########## #######
####..##.###.....##
##....###.##...⌠...## #...####
#.#.._.@J_..# ... ..###
##.#....#....# .. ##
##..#.⌠.###.⌠.# ..
########...#....##...# . #
....#..#...#.._..# ..# .#o
###....#...##....# .... #.)
###..#.⌠.###.⌠.# .... #..
#..#....#....# .... #o.
#..#(._..._..# ###..


You could see a jelly.

Vanquished Creatures
  A hound (D:4)
  A jelly (D:4)
  Jessica (D:3)
  5 adders
  2 worms (D:4)
  2 dart slugs
  7 orcs
  8 ball pythons
  6 endoplasms
  A giant cockroach (D:2)
  6 goblins
  3 hobgoblins
  A quokka (D:3)
  A bat (D:1)
  4 frilled lizards
  A kobold (D:4)
  2 rats
52 creatures vanquished.

Notes
Turn   | Place    | Note
-------+----------+-------------------------------------------
     0 | D:1      | KittyFluff the Gargoyle Berserker began the quest for the
                  | Orb.
     0 | D:1      | Reached XP level 1. HP: 14/14 MP: 1/1
   467 | D:1      | Reached XP level 2. HP: 18/19 MP: 2/2
  1245 | D:2      | Reached XP level 3. HP: 22/24 MP: 3/3
  1427 | D:3      | Noticed Jessica
  1431 | D:3      | Killed Jessica
  1432 | D:3      | Reached XP level 4. HP: 22/29 MP: 4/4
  2271 | D:4      | Found Otsen's Distillery.
  2358 | D:4      | Reached ** piety under Trog
  2396 | D:4      | Bought a potion of degeneration for 14 gold pieces
  2474 | D:4      | Reached XP level 5. HP: 27/33 MP: 5/5
  2773 | D:4      | Found a white marble altar of Elyvilon.
  2779 | D:4      | Found a hazy altar of Hepliaklqana.
  2784 | D:4      | Found a shadowy altar of Dithmenos.
  2789 | D:4      | Found an iron altar of Okawaru.
  2799 | D:4      | Found an ornate altar of the Wu Jian Council.
  2809 | D:4      | Splashed by a jelly's acid

Illustrated notes

Levels and vault maps discovered:
D:1:      amcnicky_arrival_feature_with_door, layout_loops_ring
D:2:      layout_basic, kennysheep_decorative_pillar, serial_bayou_ford_a
D:3:      layout_basic, uniq_jessica
D:4:      layout_rooms, nicolae_overflow_hallway_of_the_gods, serial_shops,
          shop, uniq_natasha

Skill      XL: |  1  2  3  4  5 |
---------------+----------------+-----
Dodging        | 2 |  2.7
Armour         | 3 |  3.6
Fighting       | 4 |  4.4
Maces & Flails | 4 |  4.0

Action                     |  1- 3 |  4- 6 || total
---------------------------+-------+-------++-------
  Melee: Mace              |    82 |    94 ||   176
    Use: Scroll            |       |     1 ||     1
   Stab: Sleeping          |       |     2 ||     2
 Armour: Animal skin       |    19 |       ||    19
         Leather armour    |    15 |    36 ||    51
  Dodge: Dodged            |    55 |    56 ||   111
  Block: Buckler           |     9 |    18 ||    27
